 Dungeon Crawl Stone Soup version 0.26-a0-1002-g7355149c4d (webtiles) character file.

Game seed: 5019443915901412738

113667 dolemite99 the Bludgeoner (level 16, -1/139 HPs)
             Began as a Minotaur Fighter on Dec 7, 2020.
             Was a Priest of Makhleb.
             Slain by a water elemental (7 damage)
             ... on level 15 of the Dungeon.
             The game lasted 00:47:13 (31036 turns).

dolemite99 the Bludgeoner (Minotaur Fighter)       Turns: 31036, Time: 00:47:14

Health: -1/139     AC: 19    Str: 26    XL:     16   Next: 14%
Magic:  19/19      EV:  7    Int:  5    God:    Makhleb [***...]
Gold:   352        SH: 21    Dex: 12    Spells: 15/15 levels left

rFire    . . .     SeeInvis .   b - +3 morningstar (freeze)
rCold    + + +     Faith    .   h - +2 kite shield {rC+}
rNeg     . . .     Spirit   .   D - +3 plate armour of Yredelemnul's Hope {*Corrode rElec rC+}
rPois    .         Reflect  +   (helmet restricted)
rElec    +         Harm     .   (no cloak)
rCorr    .         Rampage  .   p - +1 pair of gloves {archery}
Will     +....                  u - +0 pair of boots
Stlth    ..........             H - amulet of reflection
HPRegen  0.33/turn              J - ring of protection from cold
MPRegen  0.16/turn              Q - ring of attention

@: mighty, corroded, very slow
A: retaliatory headbutt, horns 2
a: Minor Destruction, Lesser Servant of Makhleb, Renounce Religion


You were on level 15 of the Dungeon.
You worshipped Makhleb.
Makhleb was most pleased with you.
You visited 3 branches of the dungeon, and saw 23 of its levels.

You collected 2686 gold pieces.
You spent 2334 gold pieces at shops.

Inventory:

Hand Weapons
 a - the +8 lance "Wyrmbane" {slay drac, rPois rF+ rC+ AC+3}
   (You bought it in a shop on level 2 of the Orcish Mines)

   It affects your AC (+3).
   It protects you from fire.
   It protects you from cold.
   It protects you from poison.
 b - a +3 morningstar of freezing (weapon)
 k - a +5 battleaxe
 n - a +6 flail of freezing
 E - a +2 flail of holy wrath
 X - a +3 war axe
Missiles
 N - 4 javelins (quivered)
 T - 2 atropa-tipped darts
 W - 148 stones
Armour
 h - a +2 kite shield of cold resistance (worn)
 p - a +1 pair of gloves of archery (worn)
 u - a +0 pair of boots (worn)
 D - the +3 plate armour of Yredelemnul's Hope (worn) {*Corrode rElec rC+}
   (You bought it in a shop on level 2 of the Orcish Mines)

   It protects you from cold.
   It insulates you from electricity.
   It may corrode you when you take damage.
Magical Staves
 Z - an uncursed staff of air {unknown}
Jewellery
 g - an uncursed ring of ice
 A - the ring "Rearoehu" {+Inv +Fly Str+6 Dex-5}
   (You found it on level 3 of the Lair of Beasts)

   [ring of strength]

   It affects your strength (+6).
   It affects your dexterity (-5).
   It lets you turn invisible.
   It lets you fly.
 B - an uncursed ring of poison resistance
 C - an uncursed ring of positive energy
 G - an uncursed ring of protection from cold
 H - an amulet of reflection (around neck)
 I - an uncursed ring of resist corrosion
 J - a ring of protection from cold (left hand)
 M - an uncursed ring of flight
 Q - a ring of attention (right hand)
 Y - an uncursed ring of protection from cold
Wands
 d - a wand of random effects (71)
 m - a wand of paralysis (26)
 s - a wand of enslavement (24)
 v - a wand of iceblast (8)
 x - a wand of disintegration (15)
Scrolls
 f - 2 scrolls of magic mapping
 j - 8 scrolls of amnesia
 l - 2 scrolls of vulnerability
 t - a scroll of blinking
 y - 3 scrolls of identify {@r1}
 K - 3 scrolls of remove curse {@r2}
 V - 3 scrolls of teleportation
Potions
 e - 2 potions of ambrosia
 q - a potion of brilliance
 r - a potion of berserk rage
 z - 4 potions of degeneration
 L - 5 potions of lignification
 P - a potion of attraction
 S - a potion of resistance
 U - a potion of mutation
Miscellaneous
 c - a box of beasts


   Skills:
 - Level 12.2 Fighting
 - Level 13.2(16.8) Axes
 - Level 15.2(16.9) Maces & Flails
 + Level 9.9(12.8) Polearms
 - Level 8.6 Throwing
 - Level 13.9 Armour
 - Level 13.3 Shields
 - Level 5.9 Invocations
 - Level 7.4 Evocations


You had 15 spell levels left.
You didn't know any spells.
Your spell library contained the following spells:

 Spells                   Type           Power        Failure   Level
 Beastly Appendage        Tmut           #.....       99%         1
 Corona                   Hex            #......      99%         1
 Sting                    Tmut/Pois      #...         99%         1
 Ensorcelled Hibernation  Hex/Ice        #.....       100%        2
 Poisonous Vapours        Pois/Air       #.....       100%        2
 Wereblood                Tmut           #.......     100%        2
 Confusing Touch          Hex            #.......     100%        3
 Dazzling Flash           Conj/Hex       #.....       100%        3
 Ignite Poison            Fire/Tmut/Pois #.......     100%        3
 Mephitic Cloud           Conj/Pois/Air  #.......     100%        3
 Spider Form              Tmut/Pois      #.........   100%        3
 Tukima's Dance           Hex            #.......     100%        3
 Ice Form                 Ice/Tmut       #.......     100%        4
 Olgreb's Toxic Radiance  Pois           #.......     100%        4
 Blade Hands              Tmut           #.........   100%        5
 Fireball                 Conj/Fire      #.........   100%        5
 Starburst                Conj/Fire      #.........   100%        6
 Ignition                 Fire           #.........   100%        8


Dungeon Overview and Level Annotations

Branches:
Dungeon (15/15)            Temple (0/1) D:6            Lair (6/6) D:9
 Shoals (0/4) Lair:3        Snake (0/4) Lair:3        Slime (0/5) Lair:5
    Orc (2/2) D:12            Elf (0/3) Orc:2        Vaults (0/5) D:14
 Depths (0/5) D:15

Altars:
Cheibriados
Dithmenos
Fedhas
Makhleb
Nemelex Xobeh
Okawaru
Qazlal
Ru
Sif Muna
Wu Jian
Xom
Yredelemnul
Zin
Beogh

Shops:
Orc:2 *[(*

Annotations:
D:10 1 runed translucent door, ThatOtherGuy53's ghost, novice HOMo
D:12 Kirke
D:13 3 runed translucent doors, Anlio's ghost, journeyman FeBe
D:14 Roxanne
Lair:6 exclusion: oklob plant


Innate Abilities, Weirdness & Mutations

You reflexively headbutt those who attack you in melee.
You have a pair of horns on your head.


Message History

Your headbutt misses the troll.
* * * LOW HITPOINT WARNING * * *
Your lungs strain for air!
You block the water elemental's attack.
You barely miss the troll. Your headbutt misses the troll.
* * * LOW HITPOINT WARNING * * *
Your lungs strain for air!
The troll bites you but does no damage. You block the troll's attack. x2
You block the water elemental's attack.
You feel very mighty all of a sudden.
* * * LOW HITPOINT WARNING * * *
Your lungs strain for air!
You block the troll's attack. x3; The water elemental hits you!
* * * LOW HITPOINT WARNING * * *
You cannot read scrolls while unable to breathe!
You cannot cast spells while unable to breathe!
You slip free of the water engulfing you.
You gasp with relief as air once again reaches your lungs.
You block the troll's attack. x3; The water elemental hits you!
You die...

#.##.....≈≈≈≈≈≈≈#.##≈≈#≈≈## #...
#.##....≈≈≈≈≈≈≈≈≈.######### #.##
#.##....≈≈≈≈≈≈≈≈≈≈## ##≈###.#
#.##....≈≈≈≈≈≈≈≈≈≈≈#####≈≈≈##.#
#.##....≈≈≈≈≈≈≈≈≈≈≈....≈≈≈≈≈..#
#...<...≈≈≈≈(≈≈≈≈≈≈###≈≈≈≈≈≈≈##
####....#≈≈≈≈≈≈≈≈≈###≈≈≈≈≈≈≈≈≈##
#######≈≈≈≈≈≈≈###≈≈≈≈≈≈≈≈≈≈≈#
##≈≈≈≈T@###≈≈≈≈≈≈≈≈≈)≈≈#
#≈≈≈≈≈E###≈≈≈≈≈≈≈≈≈≈≈≈≈#
#≈≈≈≈≈)≈# ##≈≈≈≈≈≈≈≈≈≈≈≈#
≈≈≈≈≈≈≈≈≈ ##≈≈≈≈≈≈≈≈≈≈##
≈≈≈≈≈≈≈≈≈≈ #...≈≈≈≈≈≈≈##
≈≈≈≈≈≈≈≈≈≈##.#.#≈≈≈≈≈####
≈≈≈≈≈≈≈≈≈≈##.#...≈≈≈.....
≈≈≈≈≈≈≈≈≈≈##.#####≈######
≈≈≈≈≈≈≈≈≈###.##....#


You could see a water elemental and a troll.

Vanquished Creatures
  A stone giant (Orc:1)
  A caustic shrike skeleton (D:15)
  Azrael (D:13)
  Snorg (Lair:3)
  14 hydras
  Harold (D:13)
  2 boulder beetles (D:12)
  A vault guard (D:14)
  4 centaur warriors
  6 two-headed ogres
  11 death yaks
  A deep troll shaman (Lair:6)
  8 orc high priests
  A tengu warrior (D:15)
  A vampire mage (D:15)
  Urug (D:13)
  A deep elf knight (D:13)
  Nergalle (D:12)
  7 skeletal warriors (D:15)
  A hell knight (D:13)
  An unseen horror (D:12)
  A necromancer (D:15)
  A frost giant zombie (D:15)
  2 deep elf magi (D:14)
  3 ugly things
  An orc sorcerer (Orc:1)
  A wolf spider (D:14)
  2 manticores
  5 cyclopes
  25 elephants
  5 black mambas
  13 cane toads
  A gargoyle (D:14)
  An elf skeleton (D:15)
  2 torpor snails
  2 freezing wraiths
  2 kobold demonologists
  4 rime drakes
  8 komodo dragons
  A tengu conjurer (D:14)
  6 polar bears
  6 trolls
  3 hornets
  A blink frog (shapeshifter) (D:14)
  Grinder (D:4)
  8 blink frogs
  11 dream sheep (Lair:5)
  2 wraiths (D:14)
  2 centaur simulacra
  A spriggan (D:12)
  3 water elementals (D:15)
  3 shadows
  Sigmund (D:3)
  2 vampires
  6 wyverns
  39 yaks
  3 fire elementals (D:13)
  A hog (D:12)
  A steam dragon (Lair:3)
  3 vampire mosquitoes
  6 basilisks
  Edmund (D:5)
  A harpy simulacrum (D:14)
  4 wargs
  3 nagas (Lair:3)
  2 acid dragons
  14 water moccasins
  A soldier ant (D:15)
  A hell hound (D:13)
  3 sky beasts
  6 ice beasts
  11 orc warriors
  2 phantoms
  3 black bears
  24 wolves
  An eye of draining (D:14)
  6 ogres
  A tengu (shapeshifter) (D:15)
  10 centaurs
  A big kobold (D:11)
  15 bullfrogs
  2 wyvern skeletons
  5 scorpions
  5 killer bees (D:9)
  24 wights
  5 electric eels
  2 howler monkeys (D:8)
  4 centaur zombies
  21 orc priests
  5 centaur skeletons
  20 orc wizards
  5 hounds
  A jelly (D:11)
  3 bullfrog skeletons
  Jessica (D:3)
  3 iguanas
  Terence (D:3)
  4 hell rats (Lair:6)
  14 worker ants
  A hound zombie (D:11)
  2 hound skeletons
  A worker ant zombie (D:8)
  10 gnolls
  8 adders
  2 shadow imps
  4 ufetubi
  6 oozes
  An adder zombie (D:2)
  An adder skeleton (D:6)
  2 worms
  A dart slug (D:1)
  7 leopard geckos
  62 orcs
  10 giant cockroaches
  7 goblins
  6 hobgoblins
  4 jackals
  13 kobolds
  A ball python (D:1)
  A ball python skeleton (D:4)
  3 bats
  A frilled lizard (D:2)
  A jackal zombie (D:5)
  10 rats
655 creatures vanquished.

Vanquished Creatures (collateral kills)
  Rupert (D:12)
  Jorgrun (D:15)
  An ogre mage (D:15)
  A hydra (Lair:5)
  A catoblepas (Lair:6)
  A boulder beetle (D:14)
  3 death yaks
  3 two-headed ogres
  A tengu warrior (D:15)
  An orc high priest (Orc:2)
  A lindwurm (Lair:6)
  An orc knight (Orc:1)
  5 ugly things
  A deep elf mage (D:15)
  2 orc sorcerers (Orc:2)
  A cane toad (Lair:3)
  A komodo dragon (Lair:5)
  2 centaur skeletons (D:14)
  2 tengu conjurers (D:15)
  A water elemental (D:15)
  3 wargs
  2 nagas (Lair:3)
  7 orc warriors
  5 ogres
  A centaur (D:14)
  A quasit (D:15)
  14 orc priests
  4 orc wizards (Orc:1)
  28 orcs
96 creatures vanquished.

Vanquished Creatures (others)
  A wyvern zombie (D:13)
  A bush (Lair:3)
  22 fungi
  50 plants
  12 withered plants (D:15)
86 creatures vanquished.

Grand Total: 837 creatures vanquished

Notes
Turn   | Place    | Note
-------+----------+-------------------------------------------
     0 | D:1      | dolemite99 the Minotaur Fighter began the quest for the
                  | Orb.
     0 | D:1      | Reached XP level 1. HP: 19/19 MP: 0/0
     2 | D:1      | Noticed a merfolk
     2 | D:1      | Noticed a centaur
     4 | D:1      | Noticed an ogre
     4 | D:1      | Noticed a demigod
     6 | D:1      | Noticed a halfling
     6 | D:1      | Noticed a felid
     8 | D:1      | Noticed an octopode
     8 | D:1      | Noticed a vine stalker
    10 | D:1      | Noticed a naga
    12 | D:1      | Noticed a spriggan
    14 | D:1      | Noticed a vampire
    14 | D:1      | Noticed a minotaur
    16 | D:1      | Noticed a demonspawn
    18 | D:1      | Noticed a ghoul
    18 | D:1      | Noticed a troll
    20 | D:1      | Noticed a draconian
    23 | D:1      | Noticed a human
    23 | D:1      | Noticed a gargoyle
    25 | D:1      | Noticed an elf
    25 | D:1      | Noticed a formicid
    27 | D:1      | Noticed a dwarf
    27 | D:1      | Noticed a tengu
   271 | D:1      | Reached XP level 2. HP: 26/26 MP: 1/1
  1020 | D:2      | Reached XP level 3. HP: 17/31 MP: 2/2
  1054 | D:2      | Reached skill level 5 in Axes
  1081 | D:2      | Reached XP level 4. HP: 18/39 MP: 3/3
  2239 | D:2      | Found a burning altar of Makhleb.
  2487 | D:3      | Noticed an orc warrior
  2495 | D:3      | Reached XP level 5. HP: 28/45 MP: 4/4
  2495 | D:3      | Killed an orc warrior
  2612 | D:3      | Noticed Sigmund
  2612 | D:3      | Noticed Terence
  2715 | D:3      | Reached XP level 6. HP: 48/51 MP: 5/5
  3122 | D:3      | Killed Terence
  3297 | D:3      | Killed Sigmund
  3579 | D:3      | Noticed Jessica
  3585 | D:3      | Killed Jessica
  3603 | D:3      | Reached XP level 7. HP: 21/59 MP: 6/6
  4219 | D:2      | Became a worshipper of Makhleb the Destroyer
  4253 | D:4      | Noticed Grinder
  4276 | D:4      | Killed Grinder
  4871 | D:4      | Noticed a torpor snail
  4873 | D:4      | Found a snail-covered altar of Cheibriados.
  4873 | D:4      | Noticed a torpor snail
  4875 | D:4      | Noticed a torpor snail
  4878 | D:4      | Found a blossoming altar of Fedhas.
  5484 | D:5      | Entered Level 5 of the Dungeon
  5549 | D:5      | Found a sparkling altar of Nemelex Xobeh.
  5551 | D:5      | Found a stormy altar of Qazlal.
  5551 | D:5      | Found a shimmering blue altar of Sif Muna.
  5551 | D:5      | Found an ornate altar of the Wu Jian Council.
  5605 | D:5      | Found a basalt altar of Yredelemnul.
  5607 | D:5      | Found a hazy altar of Hepliaklqana.
  5607 | D:5      | Found a sacrificial altar of Ru.
  5609 | D:5      | Found a shimmering altar of Xom.
  5609 | D:5      | Found a shadowy altar of Dithmenos.
  5609 | D:5      | Found a shimmering altar of Xom.
  5872 | D:5      | Reached skill level 5 in Armour
  5961 | D:5      | Reached XP level 8. HP: 71/71 MP: 7/7
  6221 | D:5      | Found an iron altar of Okawaru.
  6234 | D:5      | Noticed Edmund
  6248 | D:5      | Killed Edmund
  6419 | D:6      | Reached skill level 5 in Shields
  6572 | D:6      | Reached * piety under Makhleb
  6929 | D:6      | Noticed a two-headed ogre
  6947 | D:6      | HP: 3/71 [two-headed ogre/+0 giant club (17)]
  6949 | D:6      | Killed a two-headed ogre
  6950 | D:6      | Reached skill level 10 in Shields
  6950 | D:6      | Reached XP level 9. HP: 3/78 MP: 0/8
  7543 | D:6      | Found a glowing silver altar of Zin.
  7714 | D:6      | Found a staircase to the Ecumenical Temple.
  7844 | D:6      | Found a basalt altar of Yredelemnul.
  8036 | D:7      | Found a shadowy altar of Dithmenos.
  8364 | D:7      | Found the +5 robe of Night {Dark WL+ SInv}
  8364 | D:7      | You fall into a shaft and drop 3 floors!
  8364 | D:10     | Entered Level 10 of the Dungeon
  8398 | D:11     | Reached ** piety under Makhleb
  8404 | D:10     | Noticed a purple ugly thing
  8428 | D:9      | Killed a purple ugly thing
  8429 | D:9      | Reached skill level 10 in Axes
  8567 | D:9      | Reached XP level 10. HP: 80/91 MP: 9/9
  8717 | D:9      | Reached XP level 11. HP: 104/104 MP: 10/10
  8845 | D:9      | Reached skill level 2 in Maces & Flails
  8884 | D:9      | Reached skill level 3 in Maces & Flails
  8886 | D:9      | Found a staircase to the Lair.
  9488 | D:9      | Noticed a death yak
  9504 | D:9      | Killed a death yak
  9505 | D:9      | Reached skill level 5 in Maces & Flails
  9958 | D:8      | Reached skill level 6 in Maces & Flails
 10079 | D:8      | Reached *** piety under Makhleb
 10544 | D:9      | Reached skill level 7 in Maces & Flails
 10683 | Lair:1   | Entered Level 1 of the Lair of Beasts
 10711 | D:9      | Reached skill level 8 in Maces & Flails
 10917 | Lair:1   | Reached skill level 9 in Maces & Flails
 11327 | Lair:1   | Reached skill level 10 in Maces & Flails
 11550 | Lair:2   | Noticed a seven-headed hydra
 11558 | Lair:2   | Killed a seven-headed hydra
 11564 | Lair:2   | Reached skill level 11 in Maces & Flails
 11982 | Lair:2   | Reached XP level 12. HP: 112/112 MP: 11/11
 11982 | Lair:2   | Reached **** piety under Makhleb
 12147 | Lair:2   | Reached skill level 12 in Maces & Flails
 12192 | Lair:2   | Noticed a five-headed hydra
 12201 | Lair:2   | Killed a five-headed hydra
 12480 | Lair:2   | Noticed a four-headed hydra
 12494 | Lair:2   | Killed a four-headed hydra
 12495 | Lair:2   | Reached skill level 13 in Maces & Flails
 12866 | Lair:3   | Noticed a six-headed hydra
 12867 | Lair:3   | Got a flickering steel ring
 12876 | Lair:3   | Killed a six-headed hydra
 12877 | Lair:3   | Reached skill level 14 in Maces & Flails
 12879 | Lair:3   | Identified the ring "Rearoehu" {+Inv +Fly Str+6 Dex-5} (You
                  | found it on level 3 of the Lair of Beasts)
 12925 | Lair:3   | Noticed Snorg
 13046 | Lair:3   | Killed Snorg
 13326 | Lair:3   | Reached skill level 15 in Maces & Flails
 13352 | Lair:3   | Noticed an eight-headed hydra
 13359 | Lair:3   | Killed an eight-headed hydra
 13359 | Lair:3   | Noticed a death yak
 13632 | Lair:3   | Found a staircase to the Shoals.
 13645 | Lair:3   | Noticed a death yak
 13646 | Lair:3   | Noticed a death yak
 13646 | Lair:3   | Noticed a death yak
 13646 | Lair:3   | Noticed a death yak
 13662 | Lair:3   | Noticed a death yak
 13677 | Lair:3   | Killed a death yak
 13678 | Lair:3   | Reached skill level 1 in Invocations
 13687 | Lair:3   | Killed a death yak
 13699 | Lair:3   | Killed a death yak
 13702 | Lair:3   | Killed a death yak
 13703 | Lair:3   | Reached XP level 13. HP: 118/118 MP: 12/14
 13712 | Lair:3   | Reached ***** piety under Makhleb
 13944 | Lair:3   | Reached skill level 5 in Invocations
 14509 | Lair:3   | Found a staircase to the Snake Pit.
 14821 | Lair:4   | Reached skill level 1 in Evocations
 15989 | Lair:5   | Reached skill level 5 in Evocations
 16009 | Lair:5   | Found a staircase to the Slime Pits.
 16932 | Lair:6   | Entered Level 6 of the Lair of Beasts
 17302 | Lair:6   | Reached XP level 14. HP: 126/126 MP: 17/17
 17401 | Lair:6   | Reached skill level 10 in Armour
 17882 | Lair:6   | Got a slimy long sword
 18697 | D:10     | Noticed ThatOtherGuy53's ghost (novice HOMo)
 18707 | D:10     | Found a runed translucent door.
 19997 | D:12     | Found a staircase to the Orcish Mines.
 20507 | D:12     | Noticed Kirke
 20517 | D:12     | Noticed a sphinx
 20538 | D:12     | Noticed a sphinx
 21016 | D:12     | Noticed Nergalle
 21029 | D:12     | Killed Nergalle
 21039 | D:13     | Noticed Azrael
 21252 | D:12     | Noticed Rupert
 21510 | D:12     | Killed Rupert
 22081 | D:13     | Found a runed translucent gate.
 22081 | D:13     | Found a runed translucent gate.
 22083 | D:13     | Found a runed translucent gate.
 22085 | D:13     | Noticed Anlio's ghost (journeyman FeBe)
 22255 | D:13     | Reached XP level 15. HP: 127/133 MP: 18/18
 22258 | D:13     | Killed Azrael
 22344 | D:13     | Noticed Urug
 22354 | D:13     | Killed Urug
 22356 | D:13     | Noticed Harold
 22756 | D:13     | Killed Harold
 23153 | D:14     | Reached skill level 1 in Throwing
 23762 | Orc:1    | Entered Level 1 of the Orcish Mines
 24116 | Orc:1    | Found a roughly hewn altar of Beogh.
 24272 | Orc:1    | Reached skill level 5 in Throwing
 24451 | Orc:1    | Found Ziefoc's Antique Weapon Shoppe.
 24796 | Orc:2    | Entered Level 2 of the Orcish Mines
 24947 | Orc:2    | Paralysed by an orc sorcerer for 5 turns
 25141 | Orc:2    | Found a staircase to the Elven Halls.
 25324 | Orc:2    | HP: 2/133 [orc high priest/divine providence (13)]
 26037 | Orc:2    | Found a roughly hewn altar of Beogh.
 26073 | Orc:2    | Found Warheaha's General Store.
 26073 | Orc:2    | Found Hemnuorch's Weapon Emporium.
 26403 | Orc:2    | Found Jona Zum's Antique Armour Shop.
 26403 | Orc:2    | Found Ocliexo's Assorted Antiques.
 26419 | Orc:2    | Bought a dazzling plate armour for 896 gold pieces
 26429 | Orc:2    | Identified the +3 plate armour of Yredelemnul's Hope
                  | {*Corrode rElec rC+} (You bought it in a shop on level 2 of
                  | the Orcish Mines)
 26460 | Orc:2    | Bought the +8 lance "Wyrmbane" {slay drac, rPois rF+ rC+
                  | AC+3} for 969 gold pieces
 26460 | Orc:2    | Found the +8 lance "Wyrmbane" {slay drac, rPois rF+ rC+
                  | AC+3}
 26474 | Orc:2    | Bought a +1 pair of gloves of archery for 247 gold pieces
 26547 | Orc:2    | Bought 2 potions of might for 200 gold pieces
 26547 | Orc:2    | Bought a glowing black potion for 22 gold pieces
 27353 | D:14     | Identified Roxanne's Reference Book on Stones
 27353 | D:14     | Noticed Roxanne
 28201 | D:14     | Found a gate to the Vaults.
 28267 | D:15     | Entered Level 15 of the Dungeon
 28557 | D:15     | Noticed Jorgrun
 28589 | D:15     | Killed Jorgrun
 28599 | D:15     | Reached skill level 5 in Polearms
 29649 | D:15     | Paralysed by a hornet for 1 turns
 29794 | D:15     | Reached XP level 16. HP: 72/139 MP: 19/19
 30214 | D:15     | Found a staircase to the Depths.
 31035 | D:15     | HP: 5/139 [water elemental (8)]
 31036 | D:15     | Slain by a water elemental

Illustrated notes

Levels and vault maps discovered:
D:1:      kb_arrival_jail, layout_loops_ring, minivault_24
D:2:      layout_basic, nicolae_overflow_hidden_temple
D:3:      layout_basic, uniq_jessica, uniq_sigmund, uniq_terence
D:4:      layout_basic, fedhas_altar_2, cheibriados_altar_2, uniq_grinder
D:5:      layout_rooms, okawaru_gym_becter, doesnt_xom_only_xom,
          chequers_temple_overflow_statue_of_worship, minivault_23,
          minmay_quadrilaterals, uniq_edmund
D:6:      layout_cave_pools, marbit_many_paths, general_overflow_altar,
          temple_hall
D:7:      layout_basic, nicolae_dithmenos_the_darkroom, lemuel_doored_altar,
          serial_shops, shop, uniq_menkaure
D:8:      layout_cave_pools
D:9:      layout_stronghold, david_lair_generic
D:10:     layout_rooms, hellmonk_ghost_happy_afterlife
D:11:     layout_loops_cross, glass_columns_a
D:12:     layout_irregular_city, erik_orc_3, the_bakery, uniq_rupert,
          uniq_kirke, uniq_nergalle
D:13:     layout_long_grid, gammafunk_ghost_split, minivault_21, sword_in_stone,
          uniq_azrael
D:14:     layout_irregular_city, david_vaults_5, gauntlet_entry_generic,
          uniq_roxanne
D:15:     gammafunk_depths_entry_grave, layout_basic, chequers_arboretum,
          uniq_jorgrun
Lair:1:   layout_misc_corridors, nicolae_quartered_pool_little,
          infiniplex_staircase_pool
Lair:2:   layout_chaotic_city, grunt_megastairs_2, serial_bayou_shore_b
Lair:3:   layout_roguey, elwin_shoals_entry_rocks,
          minmay_snake_entry_guardpost_medium, st_stairs_12,
          nicolae_lair_grove_arrangements, uniq_snorg
Lair:4:   layout_loops_ring
Lair:5:   layout_cave_shapes, nicolae_slime_entry_slimehenge,
          cheibrodos_lair_lostbears, serial_bayou_shore_a
Lair:6:   grunt_lair_end_beastmaster, layout_misc_corridors, minivault_25,
          minmay_lair_oklob_items, grunt_megastairs_3,
          infiniplex_staircase_pool_2
Orc:1:    layout_caves, serial_shops, shop_fountains, bh_open_orc_temple
Orc:2:    st_orc_town, layout_caves

Skill      XL: |  1  2  3  4  5  6  7  8  9 10 11 12 13 14 15 16 |
---------------+-------------------------------------------------+-----
Axes           | 3 4 5 6 7 9 10 13 | 13.2
Fighting       | 4 6 9 12 | 12.2
Armour         | 5 9 13 | 13.9
Shields        | 10 12 13 | 13.3
Maces & Flails | 11 15 | 15.2
Invocations    | 3 5 |  5.9
Evocations     | 7 |  7.4
Throwing       | 8 |  8.6
Polearms       | 8 9 |  9.9

Action                   |  1- 3 |  4- 6 |  7- 9 | 10-12 | 13-15 | 16-18 || total
-------------------------+-------+-------+-------+-------+-------+-------++-------
Melee: War axe           |    52 |    24 |   238 |    52 |       |       ||   366
       Headbutt          |     3 |    10 |    43 |    84 |   306 |    33 ||   479
       Dagger            |       |    69 |    17 |       |       |       ||    86
       Flail             |       |       |       |   395 |   592 |       ||   987
       Morningstar       |       |       |       |       |   503 |   105 ||   608
       Unarmed           |       |       |       |       |     6 |       ||     6
       Lance             |       |       |       |       |   179 |       ||   179
Throw: Boomerang         |       |    22 |    93 |   116 |       |       ||   231
       Stone             |       |       |       |       |   121 |       ||   121
       Javelin           |       |       |       |       |    33 |     7 ||    40
       Dart              |       |       |       |       |     7 |     2 ||     9
Invok: Lesser Servant of |       |       |       |       |    83 |     4 ||    87
Evoke: Wand              |       |       |     5 |     4 |    41 |       ||    50
       Box of beasts     |       |       |       |       |     2 |       ||     2
  Use: Potion            |     1 |     1 |     1 |     1 |    12 |     2 ||    18
       Scroll            |       |       |    19 |    10 |    16 |       ||    45
 Stab: Distracted        |       |       |       |       |     2 |       ||     2
Armor: Scale mail        |    17 |    21 |       |       |       |       ||    38
       Chain mail        |       |    30 |    28 |       |       |       ||    58
       Plate armour      |       |       |   100 |   139 |   383 |    24 ||   646
Dodge: Dodged            |    10 |    21 |    49 |    67 |   161 |     8 ||   316
Block: Kite shield       |    22 |    54 |   149 |   351 |   911 |    96 ||  1583
       Reflection        |       |       |       |     5 |    45 |       ||    50
       Other             |       |       |       |       |     3 |       ||     3

Table legend: (Time is in decaauts)
 A = Elapsed time spent in this place.
 B = Non-inter-level travel time spent in this place.
 C = Inter-level travel time spent in this place.
 D = Time resting spent in this place.
 E = Time spent auto-exploring this place.
 F = Levels seen in this place.
 G = Mean time per level.
                   A        B        C        D        E       F      G
               +--------+--------+--------+--------+--------+-----+--------+
         Total |  30790 |  29419 |   1371 |   9314 |  13071 |  23 | 1338.7 |
       Dungeon |  20286 |  19332 |    954 |   7332 |   7759 |  15 | 1352.4 |
          Lair |   7438 |   7124 |    314 |   1654 |   3540 |   6 | 1239.7 |
  Orcish Mines |   3065 |   2963 |    102 |    327 |   1772 |   2 | 1532.5 |
               +--------+--------+--------+--------+--------+-----+--------+

Top non-repeatable levels by time:
    D:15: 2741 daAuts
     D:9: 2090 daAuts
   Orc:2: 2036 daAuts
  Lair:3: 1977 daAuts
    D:14: 1875 daAuts
     D:3: 1690 daAuts
     D:2: 1655 daAuts
     D:5: 1647 daAuts
    D:12: 1481 daAuts
    D:13: 1375 daAuts
  Lair:6: 1316 daAuts
  Lair:5: 1287 daAuts
     D:4: 1256 daAuts
    D:11: 1245 daAuts
  Lair:1: 1076 daAuts
